 Dungeon Crawl Stone Soup version 0.30-a0-465-g8901f6c8b5 (webtiles) character file.

Game seed: 2332989321799435779

6213 Armakuni the Fencer (level 11, -1/35 HPs)
             Began as a Meteoran Wanderer on Dec 18, 2022.
             Was a Believer of Elyvilon.
             Slain by a killer bee (7 damage)
             ... on level 9 of the Dungeon.
             The game lasted 00:29:18 (5756 turns).

Armakuni the Fencer (Meteoran Wanderer)             Turns: 5756, Time: 00:29:19

Health: -1/35      AC: 11    Str: 19    XL:     11   Next: 36%
Magic:  9/14       EV: 14    Int: 19    God:    Elyvilon [**....]
Gold:   482        SH:  0    Dex: 18    Spells: 8/12 levels left

rFire   + + .      SeeInvis .    a - +3 great sword
rCold   + . .      Faith    .    (shield currently unavailable)
rNeg    . . .      Spirit   .    v - +2 scale mail {rF+}
rPois   .          Reflect  .    (no helmet)
rElec   .          Harm     .    y - scarf {rC+ rF+}
rCorr   .          Rampage  .    q - +0 pair of gloves of Charity {+Inv Int+4}
Will    +....                    (no boots)
Stlth   ..........               (no amulet)
HPRegen 0.25/turn                V - +6 ring of strength
MPRegen 0.14/turn                s - ring of wizardry

@: glowing
A: sense surroundings 2, otherworldly, glowing, explore regen
a: Renounce Religion, Evoke Invisibility, Purification, Heal Other


You were on level 9 of the Dungeon.
You worshipped Elyvilon.
Elyvilon was pleased with you.
You visited 2 branches of the dungeon, and saw 10 of its levels.

You collected 505 gold pieces.
You spent 23 gold pieces at shops.

Inventory:

Hand Weapons
 a - a +3 great sword (weapon)
 b - a +1 dagger of venom
 p - a +1 long sword
Missiles
 e - 4 boomerangs
 l - 4 curare-tipped darts (quivered)
Armour
 q - the +0 pair of gloves of Charity (worn) {+Inv Int+4}
   (You found it on level 2 of the Dungeon)

   Int:       It affects your intelligence (+4).
   +Inv:      It lets you turn invisible.
 v - a +2 scale mail of fire resistance (worn)
 y - a scarf of resistance (worn)
Jewellery
 s - a ring of wizardry (right hand)
 V - a +6 ring of strength (left hand)
Wands
 t - a wand of polymorph (14)
 B - a wand of acid (5)
Scrolls
 d - 3 scrolls of fear
 f - 2 scrolls of enchant armour
 g - a scroll of teleportation
 n - a scroll of vulnerability
 A - 2 scrolls of fog
Potions
 h - a potion of invisibility
 i - a potion of might
 k - 3 potions of magic
 m - 2 potions of haste
 o - 3 potions of lignification
 r - 3 potions of heal wounds
 u - a potion of flight {unknown}
 w - 2 potions of curing
 x - 2 potions of brilliance {unknown}
 z - 2 potions of cancellation


   Skills:
 - Level 7.5 Fighting
 + Level 16.4 Long Blades
 - Level 1.2 Throwing
 - Level 7.9 Armour
 - Level 7.9 Dodging
 - Level 1.3 Spellcasting
 - Level 2.4 Transmutations
 - Level 4.8 Evocations


You had 8 spell levels left.
You knew the following spells:

 Your Spells              Type           Power      Damage    Failure   Level
p - Passwall              Tmut/Erth      4%         N/A       17%         2
w - Wereblood             Tmut           10%        N/A       11%         2

Your spell library contained the following spells:

 Spells                   Type           Power      Damage    Failure   Level
 Beastly Appendage        Tmut           20%        N/A       7%          1
 Cigotuvi's Dreadful Rot  Necr/Pois/Air  2%         N/A       26%         2
 Poisonous Vapours        Pois/Air       2%         N/A       26%         2
 Spider Form              Tmut/Pois      5%         N/A       32%         3
 Mephitic Cloud           Conj/Pois/Air  1%         N/A       45%         3
 Stone Arrow              Conj/Erth      2%         3d7       45%         3
 Animate Armour           Summ/Erth      2%         N/A       86%         4
 Lehudib's Crystal Spear  Conj/Erth      0%         10d2      100%        8


Dungeon Overview and Level Annotations

Branches:
Dungeon (9/15) Zot: 542    Temple (1/1) D:7 Zot: 557    Lair (0/5) D:9
    Orc: D:9-12

Altars:
Ashenzari
Cheibriados
Dithmenos
Elyvilon
Fedhas
Gozag
Kikubaaqudgha
Qazlal
Wu Jian
Yredelemnul
Zin

Shops:
D:8 *

Annotations:
D:5 1 transporter, Sapher's ghost, weakling DEEE


Innate Abilities, Weirdness & Mutations

You passively map the area around you.
You are easily found by Zot.
You glow in the dark.
You regain HP and MP as you explore.


Message History

The komodo dragon is poisoned.
A killer bee comes into view.
The komodo dragon is engulfed in poison gas.
The komodo dragon looks even sicker.
You slice the komodo dragon!!
The komodo dragon is severely wounded.
The komodo dragon is engulfed in poison gas.
The komodo dragon looks even sicker.
The komodo dragon bites you!!
Ouch! That really hurt!
* * * LOW HITPOINT WARNING * * *
You slice the komodo dragon!!
You kill the komodo dragon!
Okay, then.
The killer bee barely misses you. The killer bee stings you.
You barely miss the killer bee.
The killer bee stings you but does no damage.
The killer bee stings you.
* * * LOW HITPOINT WARNING * * *
You are lethally poisoned!
The killer bee poisons you!
You slice the killer bee!!
You kill the killer bee!
* * * LOW HITPOINT WARNING * * *
You feel sick.
* * * LOW HITPOINT WARNING * * *
You feel sick.
You see here a killer bee corpse.
You feel purified!
Press: ? - help, Dir - move target, f - killer bee Heal: a killer bee (chance to pacify: 20%)
The light of Elyvilon almost touches upon the killer bee.
Press: ? - help, Dir - move target, f/p - killer bee Heal: a killer bee (chance to pacify: 20%)
You fail to use your ability.
Press: ? - help, Dir - move target, f/p - killer bee Heal: a killer bee (chance to pacify: 20%)
The light of Elyvilon fails to reach the killer bee.
The killer bee stings you but does no damage. x2
The killer bee stings you!
You die...

...., , ,,,, , > , +
PP........°.......###+## *
.......P....○......°°...
,*
.............○°°....○°.. ,
.P.P..P...°.○.°.°....... ,
.........°P.P.○°........
...>.P.PP.P...°.°....... ,
.P.P...P.○°.P...yy°°.... ,
.....PP..P..°†..@y.°°○..,
.......PPP°.°......°°°.. ,
,
........P.°...°..°°.#+##**
.......P...°°.......+ , ,
* ......P....+.......°# ,,
.P.......○.#...○....# ,,
..P.P.^....#......°.# ,
..#........#..°°.○°.# ,,,
..#........#.......


You could see 3 killer bees.

Vanquished Creatures
  A komodo dragon (D:9)
  A troll (D:8)
  Sigmund (D:2)
  A shadow (D:9)
  4 wyverns
  2 steam dragons (D:9)
  An acid dragon (D:8)
  2 water moccasins
  2 orc warriors
  4 ice beasts
  2 black bears (D:9)
  An ogre (D:6)
  3 sky beasts
  3 centaurs
  2 phantoms
  3 kobold brigands
  A wyvern zombie (D:6)
  5 necrophages
  A gnoll sergeant (D:5)
  7 bullfrogs
  3 scorpions
  A water moccasin zombie (D:6)
  7 wights
  A killer bee (D:9)
  6 crimson imps (D:7)
  2 bullfrog zombies (D:6)
  2 jellies
  An orc priest (D:5)
  4 hounds
  A gnoll bouda (D:6)
  An orc wizard (D:9)
  3 iguanas
  Terence (D:2)
  7 adders
  11 gnolls
  A shadow imp (D:7)
  4 white imps
  4 worms
  2 dart slugs (D:4)
  15 orcs
  7 ball pythons
  7 endoplasms
  3 giant cockroaches (D:2)
  4 goblins
  7 hobgoblins
  11 jackals
  14 kobolds
  A quokka (D:2)
  8 bats
  3 frilled lizards
  10 rats
  A bush (D:6)
200 creatures vanquished.

Vanquished Creatures (collateral kills)
  A gnoll sergeant (D:5)
  A howler monkey (D:5)
  A hound (D:5)
  2 gnolls (D:5)
  An adder (D:5)
  2 orcs (D:9)
  3 jackals (D:4)
11 creatures vanquished.

Vanquished Creatures (others)
  A black bear (D:6)
  An orc warrior (D:9)
  2 wights
  A bush (D:6)
  37 fungi (D:9)
  51 plants
93 creatures vanquished.

Grand Total: 304 creatures vanquished

Notes
Turn   | Place    | Note
-------+----------+-------------------------------------------
     0 | D:1      | Armakuni the Meteoran Wanderer began the quest for the Orb.
     0 | D:1      | Armakuni set off with the following items: a +0 dagger, a
                  | +0 scale mail, a scroll of fear, a wand of charming (17);
                  | and the following spells available to memorise: Wereblood,
                  | Passwall.
     0 | D:1      | Reached XP level 1. HP: 14/14 MP: 3/3
   115 | D:1      | Reached skill level 1 in Fighting
   172 | D:1      | Reached XP level 2. HP: 19/23 MP: 5/5
   290 | D:1      | Reached XP level 3. HP: 25/30 MP: 6/6
   949 | D:2      | Reached XP level 4. HP: 36/38 MP: 7/7
   952 | D:2      | Learned a level 2 spell: Wereblood
   955 | D:2      | Learned a level 2 spell: Passwall
  1187 | D:2      | Identified the +0 pair of gloves of Charity {+Inv Int+4}
  1346 | D:2      | Noticed Sigmund
  1393 | D:2      | Killed Sigmund
  1394 | D:2      | Reached skill level 5 in Fighting
  1394 | D:2      | Reached XP level 5. HP: 48/48 MP: 8/8
  1394 | D:2      | Reached XP level 6. HP: 56/56 MP: 9/9
  1569 | D:2      | Noticed Terence
  1575 | D:2      | Killed Terence
  2222 | D:4      | Reached XP level 7. HP: 42/61 MP: 10/10
  2239 | D:5      | Entered Level 5 of the Dungeon
  2262 | D:5      | Reached skill level 5 in Armour
  2264 | D:5      | Found a transporter.
  2265 | D:5      | Noticed a two-headed ogre
  2267 | D:5      | Noticed Sapher's ghost (weakling DEEE)
  2323 | D:5      | Reached skill level 5 in Dodging
  2330 | D:5      | Reached skill level 1 in Long Blades
  2370 | D:5      | Reached skill level 2 in Long Blades
  2370 | D:5      | Reached XP level 8. HP: 34/68 MP: 11/11
  2494 | D:5      | Reached skill level 3 in Long Blades
  2623 | D:5      | Reached skill level 4 in Long Blades
  2887 | D:4      | Reached skill level 5 in Long Blades
  3006 | D:4      | Reached skill level 6 in Long Blades
  3140 | D:6      | Reached skill level 7 in Long Blades
  3161 | D:6      | Reached skill level 8 in Long Blades
  3215 | D:5      | Reached skill level 9 in Long Blades
  3242 | D:6      | Reached skill level 10 in Long Blades
  3242 | D:6      | Gained mutation: You passively map the area around you.
                  | [Meteoran growth]
  3242 | D:6      | Reached XP level 9. HP: 24/74 MP: 12/12
  3322 | D:5      | Reached skill level 11 in Long Blades
  3329 | D:5      | Found a shadowy altar of Dithmenos.
  3399 | D:5      | Found Wyacaeh's Weapon Boutique.
  3434 | D:5      | Reached skill level 12 in Long Blades
  3467 | D:5      | Glimpsed the power of Zot.
  3513 | D:5      | Reached skill level 13 in Long Blades
  3520 | D:5      | Glimpsed the power of Zot.
  3552 | D:7      | Reached skill level 14 in Long Blades
  3681 | D:7      | Found a staircase to the Ecumenical Temple.
  3854 | Temple   | Entered the Ecumenical Temple
  3876 | Temple   | Became a worshipper of Elyvilon the Healer
  3941 | D:7      | Reached XP level 10. HP: 70/83 MP: 13/13
  4072 | D:7      | Reached * piety under Elyvilon
  4685 | D:6      | Found a blossoming altar of Fedhas.
  4763 | D:6      | Glimpsed the power of Zot.
  4814 | D:6      | Glimpsed the power of Zot.
  4857 | D:6      | Glimpsed the power of Zot.
  4870 | D:6      | Touched by the power of Zot.
  4983 | D:8      | Glimpsed the power of Zot.
  5033 | D:8      | Glimpsed the power of Zot.
  5078 | D:8      | Glimpsed the power of Zot.
  5088 | D:8      | Touched by the power of Zot.
  5090 | D:8      | Identified a scroll of acquirement
  5091 | D:8      | Acquired a scarf of resistance
  5132 | D:8      | Found Taozxest's Assorted Antiques.
  5142 | D:8      | Bought a red potion for 23 gold pieces
  5163 | D:8      | Reached ** piety under Elyvilon
  5191 | D:8      | Glimpsed the power of Zot.
  5213 | D:8      | Found an ancient bone altar of Kikubaaqudgha.
  5241 | D:8      | Glimpsed the power of Zot.
  5281 | D:8      | Glimpsed the power of Zot.
  5291 | D:8      | Touched by the power of Zot.
  5334 | D:8      | Reached XP level 11. HP: 13/46 MP: 14/14
  5392 | D:8      | Glimpsed the power of Zot.
  5393 | D:8      | Reached skill level 15 in Long Blades
  5442 | D:8      | Glimpsed the power of Zot.
  5482 | D:8      | Glimpsed the power of Zot.
  5492 | D:8      | Touched by the power of Zot.
  5693 | D:9      | Reached skill level 16 in Long Blades
  5703 | D:9      | Elyvilon protects you from harm!
  5712 | D:9      | Found a staircase to the Lair.
  5756 | D:9      | Slain by a killer bee

Illustrated notes

Levels and vault maps discovered:
D:1:      denvon_arrival_planthouse, layout_loops_cross
D:2:      layout_loops_corners, minmay_fractal_squares_gapless_5, uniq_sigmund,
          uniq_terence
D:3:      layout_basic
D:4:      layout_cave_pools, mainiacjoe_overflow_alcove_2, st_stairs_2
D:5:      layout_gridville, lemuel_round_altar, gammafunk_ghost_arena,
          serial_shops, shop_fountains, minmay_manual_mail
D:6:      layout_rooms, fedhas_altar_decomposition
D:7:      layout_gridville, minmay_temple_entry_statues_pillars,
          chequers_garden, minmay_nine_imps
D:8:      minmay_general_purpose_star, layout_loops_ring,
          nicolae_overflow_crystal_walls, mainiacjoe_overflow_catch_the_wave,
          serial_shops, shop
D:9:      layout_irregular_city, due_lair_maze_entry_diamond, enter_bailey_4,
          nicolae_figureground_sparkle
Temple:   compressed_dpeg_circular_temple

Skill      XL: |  1  2  3  4  5  6  7  8  9 10 11 |
---------------+----------------------------------+-----
Fighting       | 1 2 3 5 7 |  7.5
Armour         | 3 4 5 7 |  7.9
Dodging        | 2 3 5 7 |  7.9
Long Blades    | 2 10 14 16 | 16.4
Throwing       | |  1.2
Spellcasting   | |  1.3
Transmutations | |  2.4
Evocations     | |  4.8

Action                   |  1- 3 |  4- 6 |  7- 9 | 10-12 || total
-------------------------+-------+-------+-------+-------++-------
Melee: Dagger            |    60 |     5 |     9 |     3 ||    77
       Short sword       |    59 |    67 |    61 |       ||   187
       Punch             |     1 |       |     4 |     1 ||     6
       Unarmed           |       |     4 |       |       ||     4
       Mace              |       |    45 |    64 |       ||   109
       Long sword        |       |       |   230 |   167 ||   397
       Great sword       |       |       |       |    98 ||    98
Throw: Dart              |       |     4 |     2 |     5 ||    11
Invok: Purification      |       |       |       |     2 ||     2
       Heal Other        |       |       |       |     2 ||     2
Evoke: Wand              |       |       |    13 |     4 ||    17
  Use: Scroll            |       |       |    11 |     8 ||    19
       Potion            |       |       |     2 |       ||     2
 Stab: Distracted        |       |       |     1 |       ||     1
Armor: Scale mail        |    61 |    81 |   219 |   100 ||   461
       Skin              |       |     3 |       |       ||     3
Dodge: Dodged            |    36 |    50 |   214 |   117 ||   417

Table legend: (Time is in decaauts)
 A = Elapsed time spent in this place.
 B = Non-inter-level travel time spent in this place.
 C = Inter-level travel time spent in this place.
 D = Time resting spent in this place.
 E = Time spent auto-exploring this place.
 F = Levels seen in this place.
 G = Mean time per level.
                   A        B        C        D        E       F      G
               +--------+--------+--------+--------+--------+-----+--------+
         Total |   5701 |   5263 |    438 |    365 |   2441 |  10 |  570.1 |
       Dungeon |   5659 |   5240 |    419 |    365 |   2438 |   9 |  628.8 |
        Temple |     42 |     23 |     19 |      0 |      3 |   1 |   42.0 |
               +--------+--------+--------+--------+--------+-----+--------+

Top non-repeatable levels by time:
     D:2: 1038 daAuts
     D:1: 837 daAuts
     D:5: 822 daAuts
     D:7: 780 daAuts
     D:6: 661 daAuts
     D:8: 546 daAuts
     D:4: 408 daAuts
     D:3: 343 daAuts
     D:9: 221 daAuts
  Temple: 42 daAuts
